 Dungeon Crawl Stone Soup version 0.30-a0-779-g7971cf19c3 (webtiles) character file.

Game seed: 4758328813640474627

477 tilp the Slasher (level 7, -3/60 HPs)
             Began as a Meteoran Fighter on Feb 17, 2023.
             Slain by a gnoll
             ... wielding a +0 whip
             ... led by a gnoll bouda
              (4 damage)
             ... on level 4 of the Dungeon.
             The game lasted 00:08:08 (1614 turns).

tilp the Slasher (Meteoran Fighter)                 Turns: 1614, Time: 00:08:08

Health: -3/60      AC:  7    Str: 18    XL:     7   Next: 59%
Magic:  0/8        EV: 10    Int: 10    God:
Gold:   143        SH:  5    Dex: 15    Spells: 6/6 levels left

rFire   . . .      SeeInvis .    a - +0 long sword
rCold   + . .      Faith    .    c - +0 buckler
rNeg    . . .      Spirit   +    b - +0 scale mail
rPois   .          Reflect  .    (no helmet)
rElec   .          Harm     .    (no cloak)
rCorr   .          Rampage  .    (no gloves)
Will    .....                    (no boots) Stlth
                                 o - amulet of guardian spirit
HPRegen 0.30/turn                j - ring of protection from cold
MPRegen 0.11/turn                (no ring)

@: glowing
A: sense surroundings 1, otherworldly, glowing, explore regen
a: no special abilities


You were on level 4 of the Dungeon.
You visited 1 branch of the dungeon, and saw 4 of its levels.

You collected 143 gold pieces.

Inventory:

Hand Weapons
 a - a +0 long sword (weapon)
 r - a +0 dagger of speed
Missiles
 f - 18 stones
 g - 3 throwing nets {!f}
 l - 2 boomerangs (quivered)
 p - 6 datura-tipped darts
Armour
 b - a +0 scale mail (worn)
 c - a +0 buckler (worn)
Jewellery
 j - a ring of protection from cold (left hand)
 o - an amulet of guardian spirit (around neck)
Wands
 i - a wand of iceblast (19)
 n - a wand of flame (10)
Scrolls
 e - 4 scrolls of identify
 k - a scroll of immolation
 m - a scroll of fog {unknown}
 q - a scroll of enchant weapon {unknown}
 s - a scroll of blinking {unknown}
 t - a scroll of teleportation
Potions
 d - 3 potions of might
 h - a potion of curing


   Skills:
 + Level 4.4 Fighting
 * Level 6.7 Long Blades
 + Level 1.6 Throwing
 - Level 4.0 Armour
 + Level 2.8 Dodging
 - Level 4.0 Shields
 + Level 1.8 Evocations


You had 6 spell levels left.
You didn't know any spells.
Your spell library was empty.

Dungeon Overview and Level Annotations

Branches:
Dungeon (4/15) Zot: 698
 Temple: D:4-7

Altars:


Innate Abilities, Weirdness & Mutations

You passively map a small area around you.
You are easily found by Zot.
You glow in the dark.
You regain HP and MP as you explore.


Message History

You hear a shout! x2
You barely miss the gnoll bouda.
The gnoll bouda is almost dead.
The gnoll bouda barks out a call to the hunt!
The gnoll misses you. You block the gnoll bouda's attack.
You hit the gnoll bouda.
You kill the gnoll bouda!
The gnoll hits you but does no damage.
The gnoll hits you from afar with a +0 spear.
* * * LOW HITPOINT WARNING * * *
You hit the gnoll.
The gnoll is heavily wounded.
The gnoll hits you with a +0 falchion.
* * * LOW HITPOINT WARNING * * *
The gnoll hits you from afar with a +0 spear.
* * * LOW HITPOINT WARNING * * *
You block the gnoll's attack. The gnoll attacks as you move away!
The gnoll hits you with a +0 falchion.
* * * LOW HITPOINT WARNING * * *
The gnoll hits you with a +0 club.
* * * LOW HITPOINT WARNING * * *
The gnoll completely misses you. The gnoll attacks as you move away!
The gnoll barely misses you. The gnoll attacks as you move away!
You block the gnoll's attack. The gnoll hits you with a +0 club.
* * * LOW HITPOINT WARNING * * *
You block the gnoll's attack. x2
The gnoll attacks as you move away! The gnoll hits you with a +0 falchion.
* * * LOW HITPOINT WARNING * * *
Your attacks no longer feel as feeble.
The gnoll is no longer moving quickly.
The gnoll hits you with a +0 falchion.
* * * LOW HITPOINT WARNING * * *
The gnoll attacks as you move away! You block the gnoll's attack.
The gnoll attacks as you move away! The gnoll barely misses you.
The gnoll is no longer moving quickly.
The gnoll attacks as you move away! The gnoll hits you with a +0 falchion.
* * * LOW HITPOINT WARNING * * *
The gnoll is no longer moving quickly.
The gnoll barely misses you. The gnoll hits you with a +0 whip.
You die...

####o...................##
.##o.##.###.#............##
..{..#####...#.###........#
..#### ##.##..##...#....#
..# #......##...##.###
#.########..#....#...##.#
#.#.....#...........##...
#...#.........##†..###...#
....#..#..##..#.@### #####
...g..######.##gg..#
.##...#####...g....#
.##..........g.#....#
.##.##....##.g####.##
.##..#........# *##
.go........#..#
....##.....#.##
##...##)..g)##


You could see 5 gnolls.

Vanquished Creatures
  A black bear (D:4)
  A gnoll bouda (D:4)
  A hound (D:4)
  An orc priest (D:4)
  Natasha (thrice) (D:3)
  3 orc wizards
  4 gnolls (D:3)
  4 adders
  A worm (D:3)
  A dart slug (D:3)
  11 orcs
  6 ball pythons
  2 bats
  9 endoplasms
  A giant cockroach (D:3)
  4 goblins
  5 hobgoblins
  3 jackals (D:2)
  5 kobolds
  A quokka (D:1)
  A frilled lizard (D:1)
68 creatures vanquished.

Vanquished Creatures (others)
  19 plants
19 creatures vanquished.

Grand Total: 87 creatures vanquished

Notes
Turn   | Place    | Note
-------+----------+-------------------------------------------
     0 | D:1      | tilp the Meteoran Fighter began the quest for the Orb.
     0 | D:1      | Reached XP level 1. HP: 19/19 MP: 2/2
    32 | D:1      | Reached XP level 2. HP: 26/26 MP: 3/3
    33 | D:1      | Found a faded altar of an unknown god.
   192 | D:2      | Reached skill level 3 in Long Blades
   194 | D:2      | Reached skill level 1 in Dodging
   194 | D:2      | Reached XP level 3. HP: 27/33 MP: 4/4
   382 | D:3      | Noticed Natasha
   392 | D:3      | Killed Natasha
   393 | D:3      | Reached XP level 4. HP: 37/40 MP: 5/5
   583 | D:3      | Reached skill level 4 in Long Blades
   658 | D:3      | Noticed Natasha
   671 | D:3      | Killed Natasha
   672 | D:3      | Reached XP level 5. HP: 42/46 MP: 6/6
   720 | D:3      | Reached skill level 5 in Long Blades
   872 | D:4      | Reached XP level 6. HP: 50/52 MP: 7/7
   981 | D:3      | Reached skill level 6 in Long Blades
  1064 | D:3      | Noticed Natasha
  1072 | D:3      | Killed Natasha
  1510 | D:4      | Noticed a black bear
  1521 | D:4      | Killed a black bear
  1522 | D:4      | Reached skill level 1 in Throwing
  1522 | D:4      | Reached skill level 1 in Evocations
  1522 | D:4      | Reached XP level 7. HP: 41/59 MP: 4/8
  1614 | D:4      | HP: 1/60 [gnoll/+0 falchion[a gnoll bouda] (4)]
  1614 | D:4      | Slain by a gnoll

Illustrated notes

Levels and vault maps discovered:
D:1:      scummos_arrival_forest, layout_rooms,
          hellmonk_ecumenical_altar_arch_garden
D:2:      layout_rooms, chequers_big_river, minmay_misc_feat_square
D:3:      layout_basic, serial_bayou_lagoon_a, dreamdust_princess_corridor,
          nicolae_grassy_gnolls, uniq_natasha
D:4:      layout_cave_pools, corexii_corridor_pit, grunt_ministairs_15,
          uniq_ijyb, uniq_robin, uniq_edmund

Skill      XL: |  1  2  3  4  5  6 |
---------------+-------------------+-----
Long Blades    | 3 4 5 6 |  6.7
Dodging        | 1 2 |  2.8
Fighting       | 4 |  4.4
Throwing       | 1 |  1.6
Armour         | 4 |  4.0
Shields        | 4 |  4.0
Evocations     | 1 |  1.8

Action                     |  1- 3 |  4- 6 |  7- 9 || total
---------------------------+-------+-------+-------++-------
  Melee: Long sword        |    69 |   153 |    36 ||   258
  Throw: Boomerang         |       |     1 |     1 ||     2
         Stone             |       |     1 |       ||     1
  Evoke: Wand              |       |       |     1 ||     1
    Use: Scroll            |     1 |     6 |       ||     7
         Potion            |       |     2 |       ||     2
 Armour: Scale mail        |    42 |    67 |    25 ||   134
  Dodge: Dodged            |    29 |    90 |    31 ||   150
  Block: Buckler           |    20 |    36 |    15 ||    71

Table legend: (Time is in decaauts)
 A = Elapsed time spent in this place.
 B = Non-inter-level travel time spent in this place.
 C = Inter-level travel time spent in this place.
 D = Time resting spent in this place.
 E = Time spent auto-exploring this place.
 F = Levels seen in this place.
 G = Mean time per level.
                   A        B        C        D        E       F      G
               +--------+--------+--------+--------+--------+-----+--------+
         Total |   1700 |   1475 |    225 |      9 |      0 |   4 |  425.0 |
       Dungeon |   1700 |   1475 |    225 |      9 |      0 |   4 |  425.0 |
               +--------+--------+--------+--------+--------+-----+--------+

Top non-repeatable levels by time:
     D:3: 898 daAuts
     D:2: 419 daAuts
     D:4: 272 daAuts
     D:1: 110 daAuts
